 Dungeon Crawl Stone Soup version 0.27.0-1-g7a089689b8 (webtiles) character file.

Game seed: 10414825742114940423

56 MajorAdolf the Sneak (level 3, -1/31 HPs)
             Began as a Naga Wanderer on Aug 10, 2021.
             Slain by a gnoll (7 damage)
             ... on level 2 of the Dungeon.
             The game lasted 00:03:42 (1271 turns).

MajorAdolf the Sneak (Naga Wanderer)                Turns: 1271, Time: 00:03:43

Health: -1/31      AC:  4    Str: 13    XL:     3   Next: 97%
Magic:  3/3        EV: 10    Int: 11    God:
Gold:   28         SH:  0    Dex: 13    Spells: 2/2 levels left

rFire    . . .     SeeInvis +   d - +0 dagger
rCold    . . .     Faith    .   (no shield)
rNeg     . . .     Spirit   .   b - +0 robe
rPois    +         Reflect  .   h - +0 helmet
rElec    .         Harm     .   g - +0 cloak
rCorr    .         Rampage  .   (no gloves)
Will     +....                  (no barding)
Stlth    +++.......             (no amulet)
HPRegen  0.10/turn              f - ring of willpower
MPRegen  0.08/turn              (no ring)

@: short of breath, very slow
A: AC +1, large, see invisible, deformed body, poison resistance, slowness 2,
spit poison 1, naga tail 1
a: Spit Poison


You were on level 2 of the Dungeon.
You visited 1 branch of the dungeon, and saw 2 of its levels.

You collected 28 gold pieces.

Inventory:

Hand Weapons
 d - a +0 dagger (weapon)
Armour
 b - a +0 robe (worn)
 g - a +0 cloak (worn)
 h - a +0 helmet (worn)
Jewellery
 e - a ring of ice
 f - a ring of willpower (left hand)
Scrolls
 i - a scroll of identify {unknown}
 j - a scroll of magic mapping {unknown}
Potions
 a - a potion of brilliance {unknown}
 c - a potion of curing


   Skills:
 - Level 1.0 Fighting
 - Level 1.0 Staves
 - Level 1.5 Dodging
 + Level 5.9 Stealth
 - Level 2.0 Translocations
 - Level 1.0 Fire Magic
 - Level 2.0 Evocations


You had 2 spell levels left.
You didn't know any spells.
Your spell library contained the following spells:

 Spells                   Type           Power      Damage    Failure   Level
 Blink                    Tloc           N/A        N/A       24%         2
 Static Discharge         Conj/Air       0%         N/A       47%         2
 Gell's Gravitas          Tloc           2%         N/A       43%         3
 Lesser Beckoning         Tloc           2%         N/A       43%         3
 Teleport Other           Tloc           4%         N/A       43%         3
 Sticky Flame             Conj/Fire      1%         2d3       96%         4
 Dispel Undead            Necr           0%         3d6       98%         4
 Manifold Assault         Tloc           4%         N/A       99%         5


Dungeon Overview and Level Annotations

Branches:
Dungeon (2/15)

Altars:


Innate Abilities, Weirdness & Mutations

Your serpentine skin is tough. (AC +1)
You have supernaturally acute eyesight. (SInv)
Armour fits poorly on your strangely shaped body.
Your system is resistant to poisons. (rPois)
You cover ground very slowly.
You can spit poison.
You have a snake-like lower body.


Message History

The adder bites you.
Unknown command.
You hit the adder.
The adder is moderately wounded.
The adder bites you.
You closely miss the adder.
The adder is moderately wounded.
The adder bites you but does no damage. The adder closely misses you.
You hit the adder.
The adder is severely wounded.
The adder completely misses you.
You closely miss the adder.
The adder is severely wounded.
The adder bites you.
You hit the adder.
You kill the adder!
You have got your breath back.
You are too injured to fight recklessly!
Unknown command.
You are too injured to fight recklessly!
Press: ? - help, Shift-Dir - straight line, f/p - gnoll
Aim: a gnoll, wielding a +0 club (heavily wounded)
The splash of poison misses the gnoll.
The gnoll hits you with a +0 club.
Unknown command.
You don't know any spells.
Okay, then.
The gnoll hits you with a +0 club.
* * * LOW HITPOINT WARNING * * *
You have got your breath back.
The gnoll hits you but does no damage.
Unknown command.
Press: ? - help, Shift-Dir - straight line, f/p - gnoll
Aim: a gnoll, wielding a +0 club (heavily wounded)
The splash of poison misses the gnoll.
The gnoll hits you with a +0 club.
* * * LOW HITPOINT WARNING * * *
Unknown command.
You barely miss the gnoll.
The gnoll is heavily wounded.
The gnoll hits you with a +0 club!
You die...

#....# #....#
#....#####.# ##
#..........#
...###....####
.............#####
.............)..<#
.......##.#########.##.#
...............g@......#
.......##..########.####
........##.....#
........ #.....#
...###.. ##....# ..#
.#.# #....# #.)..#
##.######.#.#
#..#..S....#


You could see a gnoll.

Vanquished Creatures
  2 gnolls (D:2)
  An adder (D:2)
  5 ball pythons
  4 bats
  4 endoplasms (D:1)
  3 giant cockroaches (D:1)
  2 goblins (D:1)
  2 hobgoblins (D:1)
  A quokka (D:1)
  2 frilled lizards (D:1)
  2 kobolds (D:1)
28 creatures vanquished.

Notes
Turn   | Place    | Note
-------+----------+-------------------------------------------
     0 | D:1      | MajorAdolf the Naga Wanderer began the quest for the Orb.
     0 | D:1      | MajorAdolf set off with the following items: a +0 club, a
                  | +0 robe, a potion of curing; and the following spells
                  | available to memorise: Blink, Gell's Gravitas, Lesser
                  | Beckoning, Teleport Other, Manifold Assault
     0 | D:1      | Reached XP level 1. HP: 18/18 MP: 1/1
    29 | D:1      | Reached skill level 2 in Stealth
   226 | D:1      | Reached skill level 3 in Stealth
   234 | D:1      | Reached XP level 2. HP: 25/25 MP: 2/2
   691 | D:1      | Reached skill level 4 in Stealth
   703 | D:1      | Found a faded altar of an unknown god.
   833 | D:1      | Reached XP level 3. HP: 30/31 MP: 3/3
  1050 | D:2      | Reached skill level 5 in Stealth
  1271 | D:2      | Slain by a gnoll

Illustrated notes

Levels and vault maps discovered:
D:1:      lightli_arrival_windingriver, layout_rooms,
          ebering_ecumenical_altar_abandoned
D:2:      layout_basic, basic_altar, serial_bayou_pond_b, fountainhead,
          uniq_crazy_yiuf_cottage, uniq_sigmund, uniq_robin

Skill      XL: |  1  2  3 |
---------------+----------+-----
Stealth        | 3 4 5 |  5.9
Fighting       | |  1.0
Staves         | |  1.0
Dodging        | |  1.5
Translocations | |  2.0
Fire Magic     | |  1.0
Evocations     | |  2.0

Action                   || total
-------------------------++-------
Melee: Club              ||     4
       Dagger            ||    29
 Abil: Spit Poison       ||    34
Armor: Robe              ||    14
Dodge: Dodged            ||    22
